 Dungeon Crawl Stone Soup version 0.29-a0-504-gec6baf379c (webtiles) character file.

Game seed: 7319779796128995719

52 Colgate the Sneak (level 4, 0/26 HPs)
             Began as a Kobold Brigand on May 28, 2022.
             Was a Follower of Vehumet.
             Slain by Terence
             ... wielding a +2 trident of flaming
              (8 damage)
             ... on level 3 of the Dungeon.
             The game lasted 00:03:28 (2041 turns).

Colgate the Sneak (Kobold Brigand)                  Turns: 2041, Time: 00:03:29

Health: 0/26       AC:  5    Str:  8    XL:     4   Next: 8%
Magic:  6/6        EV: 14    Int: 12    God:    Vehumet [*.....]
Gold:   101        SH:  0    Dex: 18    Spells: 6/6 levels left

rFire   + . .      SeeInvis .   a - +2 dagger
rCold   . . .      Faith    .   (no shield)
rNeg    . . .      Spirit   .   b - +0 robe
rPois   .          Reflect  .   (no helmet)
rElec   +          Harm     .   c - +0 cloak
rCorr   .          Rampage  .   (no gloves)
Will    .....                   p - +1 pair of boots "Ycaer" {rElec rF+}
Stlth   ++++......              (no amulet)
HPRegen 0.08/turn               (no ring)
MPRegen 0.10/turn               (no ring)

@: no status effects
A: small, no large weapons, nightstalker 3
a: Renounce Religion


You were on level 3 of the Dungeon.
You worshipped Vehumet.
Vehumet was aware of your devotion.
You visited 1 branch of the dungeon, and saw 3 of its levels.

You collected 101 gold pieces.

Inventory:

Hand Weapons
 a - a +2 dagger (weapon)
 h - a +0 short sword
Missiles
 d - 9 poisoned darts (quivered)
 e - 3 curare-tipped darts
 k - 117 stones
Armour
 b - a +0 robe (worn)
 c - a +0 cloak (worn)
 p - the +1 pair of boots "Ycaer" (worn) {rElec rF+}
   (You found it on level 2 of the Dungeon)

   rF:        It protects you from fire.
   rElec:     It insulates you from electricity.
Scrolls
 f - a scroll of enchant armour {unknown}
 i - a scroll of identify {unknown}
 n - a scroll of teleportation {unknown}
Potions
 g - a potion of attraction {unknown}
 j - 3 potions of curing {@q1}
 l - 2 potions of haste {unknown}
 m - 2 potions of degeneration {unknown}
 o - a potion of might {unknown}


   Skills:
 - Level 2.1 Fighting
 - Level 4.6 Short Blades
 - Level 2.1 Throwing
 - Level 1.2 Dodging
 - Level 5.3 Stealth
 + Level 1.7 Spellcasting


You had 6 spell levels left.
You didn't know any spells.
Your spell library was empty.

Dungeon Overview and Level Annotations

Branches:
Dungeon (3/15)

Altars:
Vehumet

Annotations:
D:3 Terence


Innate Abilities, Weirdness & Mutations

You are small and have problems with some larger weapons.
You are completely attuned to the shadows.


Message History

A goblin is nearby!
A goblin is nearby!
A goblin is nearby!
A goblin is nearby!
The goblin shouts!
You hit the goblin.
A goblin is nearby!
You hit the goblin.
You kill the goblin!
Vehumet accepts your kill.
You see here a +0 dagger.
A ball python comes into view.
A ball python is nearby!
A ball python is nearby!
A ball python is nearby!
The helpless ball python fails to defend itself.
You spit the ball python like a pig!!!
You kill the ball python!
Vehumet accepts your kill.
Vehumet offers you knowledge of Poisonous Vapours.
Found a club.
Okay, then.
Okay, then.
No target in view!
Terence the Incautious comes into view.
He is wielding a +2 trident of flaming.
Terence shouts!
Terence barely misses you.
Terence hits you with a +2 trident of flaming.
You hit Terence but do no damage. Terence barely misses you.
You closely miss Terence. Terence barely misses you.
You barely miss Terence. Your punch misses Terence.
You hit Terence but do no damage.
Terence hits you with a +2 trident of flaming.
You barely miss Terence. Terence barely misses you.
You hit Terence but do no damage.
Terence hits you with a +2 trident of flaming!
Terence burns you.
You hit Terence but do no damage.
Terence hits you with a +2 trident of flaming!
You die...

#. .....# #. #......#
#. .... #......# #.
......#####......###.
.................'...
....)............####
............##+#.####
....@.##...###.#.....
...@..##...# #.#..##.
#+######...# #.#####.
.....# #.......
.....# ######..
#....... ###.#####+
#...#..... #.###.....


You could see Terence.

Vanquished Creatures
  A gnoll (D:1)
  2 worms (D:2)
  3 endoplasms
  3 giant cockroaches (D:1)
  6 hobgoblins
  2 kobolds (D:1)
  2 quokkas
  7 ball pythons
  A bat (D:2)
  3 frilled lizards (D:2)
  3 goblins
  2 rats
35 creatures vanquished.

Notes
Turn   | Place    | Note
-------+----------+-------------------------------------------
     0 | D:1      | Colgate the Kobold Brigand began the quest for the Orb.
     0 | D:1      | Reached XP level 1. HP: 12/12 MP: 1/1
    91 | D:1      | Reached XP level 2. HP: 16/17 MP: 2/2
   470 | D:1      | Reached XP level 3. HP: 14/21 MP: 3/3
   595 | D:1      | Found a faded altar of an unknown god.
   600 | D:1      | Prayed at the altar of an unknown god.
   600 | D:1      | Became a worshipper of Vehumet
   600 | D:1      | Reached * piety under Vehumet
   600 | D:1      | Offered knowledge of Sandblast by Vehumet.
  1230 | D:2      | Reached skill level 1 in Spellcasting
  1739 | D:2      | Identified the +1 pair of boots "Ycaer" {rElec rF+}
  1756 | D:2      | Reached XP level 4. HP: 26/26 MP: 6/6
  2028 | D:3      | Offered knowledge of Poisonous Vapours by Vehumet.
  2031 | D:3      | Noticed Terence
  2041 | D:3      | Slain by Terence

Illustrated notes

Levels and vault maps discovered:
D:1:      lemuel_arrival_rhombus, layout_rooms,
          dilly_ecumenical_altar_fadedgnrine
D:2:      layout_loops_ring, kennysheep_generic_room_4
D:3:      layout_basic, mainiacjoe_overflow_cross_hatched, uniq_terence

Skill      XL: |  1  2  3 |
---------------+----------+-----
Short Blades   | 3 4 |  4.6
Spellcasting   | 1 |  1.7
Fighting       | |  2.1
Throwing       | |  2.1
Dodging        | |  1.2
Stealth        | |  5.3

Action                   |  1- 3 |  4- 6 || total
-------------------------+-------+-------++-------
Melee: Dagger            |    88 |    12 ||   100
       Punch             |     1 |       ||     1
Throw: Dart              |     5 |       ||     5
 Stab: Sleeping          |    14 |     3 ||    17
Armor: Robe              |    16 |       ||    16
Dodge: Dodged            |    50 |     4 ||    54

Table legend: (Time is in decaauts)
 A = Elapsed time spent in this place.
 B = Non-inter-level travel time spent in this place.
 C = Inter-level travel time spent in this place.
 D = Time resting spent in this place.
 E = Time spent auto-exploring this place.
 F = Levels seen in this place.
 G = Mean time per level.
                   A        B        C        D        E       F      G
               +--------+--------+--------+--------+--------+-----+--------+
         Total |   2020 |   1929 |     91 |      0 |   1651 |   3 |  673.3 |
       Dungeon |   2020 |   1929 |     91 |      0 |   1651 |   3 |  673.3 |
               +--------+--------+--------+--------+--------+-----+--------+

Top non-repeatable levels by time:
     D:1: 983 daAuts
     D:2: 911 daAuts
     D:3: 126 daAuts
